PL
NEW ORLEANS VOODOO @ LAS VEGAS FLAMINGOS
09/05/2037
 
TOP OF THE 1ST
New Orleans Voodoo batting - Pitching for Las Vegas Flamingos : RHP Toddster Gordo
Pitching: RHP Toddster Gordo
Batting: RHB Juan Jose Ayala 0-0: Called Strike
0-1: Called Strike
0-2: Ball
1-2: Ground out 4-3 (Groundball, 4, EV 87.5 MPH)
Batting: LHB Calvin Wilms 0-0: Swinging Strike
0-1: Ball
1-1: Ball
2-1: TRIPLE (Flyball, 78XD, EV 109.4 MPH)
Batting: RHB Griffin Woodfinlevine 0-0: Ground out 5-3 (Groundball, 56, EV 88.8 MPH)
Calvin Wilms scores
Batting: RHB Gilberto Juárez 0-0: Ball
1-0: SINGLE (Groundball, 4MD, EV 105.6 MPH)
Batting: RHB Colm Goodwill 0-0: Ball
1-0: Called Strike
1-1: Ball
2-1: Fly out, F4 (Flyball, 34D, EV 86.2 MPH)
Top of the 1st over - 1 run, 2 hits, 0 errors, 1 left on base; New Orleans 1 - Las Vegas 0
BOTTOM OF THE 1ST
Las Vegas Flamingos batting - Pitching for New Orleans Voodoo : RHP Grover Lowdermilk
Pitching: RHP Grover Lowdermilk
Batting: SHB Glyn Bolasky 0-0: Ball
1-0: Foul Ball, location: 2F
1-1: Foul Ball, location: 2F
1-2: Ground out 4-3 (Groundball, 34D, EV 86.9 MPH)
Batting: RHB Sake van Arem 0-0: Ball
1-0: Swinging Strike
1-1: TRIPLE (Line Drive, 9D, EV 113.8 MPH)
Batting: LHB Ruud van Ineveld 0-0: Ball
1-0: Foul Ball, location: 2F
1-1: Foul Ball, location: 2F
1-2: Foul Ball, location: 2F
1-2: Fly out, F9 (Flyball, 89S, EV 91.2 MPH)
Runner from 3rd tags up, OUT at HOME! 9-2
Bottom of the 1st over - 0 runs, 1 hit, 0 errors, 0 left on base; New Orleans 1 - Las Vegas 0
TOP OF THE 2ND
New Orleans Voodoo batting - Pitching for Las Vegas Flamingos : RHP Toddster Gordo
Batting: RHB Guy Toussaint 0-0: Called Strike
0-1: Fly out, F8 (Flyball, 8LM, EV 88.1 MPH)
Batting: RHB Noah Bushby 0-0: Swinging Strike
0-1: Fly out, F9 (Flyball, 9D, EV 83.8 MPH)
Batting: LHB Alexis Raimbault 0-0: Called Strike
0-1: Swinging Strike
0-2: Ball
1-2: Strikes out swinging
Top of the 2nd over - 0 runs, 0 hits, 0 errors, 0 left on base; New Orleans 1 - Las Vegas 0
BOTTOM OF THE 2ND
Las Vegas Flamingos batting - Pitching for New Orleans Voodoo : RHP Grover Lowdermilk
Batting: RHB Baldomero Avino 0-0: Fly out, F5 (Line Drive, 5, EV 66.2 MPH)
Batting: RHB Xavier Hernández 0-0: Ball
1-0: Foul Ball, location: 2F
1-1: Swinging Strike
1-2: Strikes out swinging
Batting: LHB Victor Adams 0-0: Foul Ball, location: 2F
0-1: Ground out 6-3 (Groundball, 6M, EV 103.8 MPH)
Bottom of the 2nd over - 0 runs, 0 hits, 0 errors, 0 left on base; New Orleans 1 - Las Vegas 0
TOP OF THE 3RD
New Orleans Voodoo batting - Pitching for Las Vegas Flamingos : RHP Toddster Gordo
Batting: LHB Ramón Garmendia 0-0: SINGLE (Flyball, 7S, EV 89.4 MPH)
Batting: RHB Juan Jose Ayala 0-0: Ball
1-0: Foul Ball, location: 2F
1-1: Foul Ball, location: 2F
1-2: Foul Ball, location: 2F
1-2: Fly out, F8 (Flyball, 8LD, EV 90.6 MPH)
Batting: LHB Calvin Wilms 0-0: Ball
1-0: Called Strike
1-1: Ball
2-1: Ball
3-1: Called Strike
Ramón Garmendia steals 2nd base (no throw)
3-2: Foul Ball, location: 2F
3-2: Strikes out swinging
Batting: RHB Griffin Woodfinlevine 0-0: Foul Ball, location: 2F
0-1: Ground out 6-3 (Groundball, 6MS, EV 72.5 MPH)
Top of the 3rd over - 0 runs, 1 hit, 0 errors, 1 left on base; New Orleans 1 - Las Vegas 0
BOTTOM OF THE 3RD
Las Vegas Flamingos batting - Pitching for New Orleans Voodoo : RHP Grover Lowdermilk
Batting: RHB Freedon Akinmoladun 0-0: Swinging Strike
0-1: Called Strike
0-2: Ball
1-2: Ball
2-2: Foul Ball, location: 2F
2-2: Fly out, F9 (Flyball, 9D, EV 91.2 MPH)
Batting: LHB Ty Tomblin 0-0: Ball
1-0: Called Strike
1-1: Called Strike
1-2: Foul Ball, location: 2F
1-2: Ball
2-2: Ground out 4-3 (Groundball, 34, EV 93.8 MPH)
Batting: RHB Sun-jae Kwak 0-0: Foul Ball, location: 2F
0-1: Called Strike
0-2: Ball
1-2: Strikes out swinging
Bottom of the 3rd over - 0 runs, 0 hits, 0 errors, 0 left on base; New Orleans 1 - Las Vegas 0
TOP OF THE 4TH
New Orleans Voodoo batting - Pitching for Las Vegas Flamingos : RHP Toddster Gordo
Batting: RHB Gilberto Juárez 0-0: Ball
1-0: Foul Ball, location: 2F
1-1: Ball
2-1: Ball
3-1: Foul Ball, location: 2F
3-2: Fly out, F8 (Line Drive, 8RM, EV 91.2 MPH)
Batting: RHB Colm Goodwill 0-0: Ball
1-0: Called Strike
1-1: Ball
2-1: Fly out, F8 (Flyball, 89D, EV 99.4 MPH)
Batting: RHB Guy Toussaint 0-0: Ball
1-0: Fly out, F9 (Line Drive, 9D, EV 99.4 MPH)
Top of the 4th over - 0 runs, 0 hits, 0 errors, 0 left on base; New Orleans 1 - Las Vegas 0
BOTTOM OF THE 4TH
Las Vegas Flamingos batting - Pitching for New Orleans Voodoo : RHP Grover Lowdermilk
Batting: SHB Glyn Bolasky 0-0: Ball
1-0: Ball
2-0: Fly out, F8 (Flyball, 8RM, EV 94.4 MPH)
Batting: RHB Sake van Arem 0-0: Called Strike
0-1: Foul Ball, location: 2F
0-2: Ball
1-2: Strikes out swinging
Batting: LHB Ruud van Ineveld 0-0: Ball
1-0: Ball
2-0: Ball
3-0: Called Strike
3-1: Base on Balls
Batting: RHB Baldomero Avino 0-0: Ball
1-0: Ball
2-0: Swinging Strike
2-1: Ball
3-1: Called Strike
3-2: Base on Balls
Ruud van Ineveld to second
Batting: RHB Xavier Hernández 0-0: Swinging Strike
0-1: Foul Ball, location: 2F
0-2: Ball
1-2: Ball
2-2: Ball
3-2: Strikes out looking
Bottom of the 4th over - 0 runs, 0 hits, 0 errors, 2 left on base; New Orleans 1 - Las Vegas 0
TOP OF THE 5TH
New Orleans Voodoo batting - Pitching for Las Vegas Flamingos : RHP Toddster Gordo
Batting: RHB Noah Bushby 0-0: Ball
1-0: Foul Ball, location: 2F
1-1: Ball
2-1: Fly out, F7 (Flyball, 7S, EV 88.1 MPH)
Batting: LHB Alexis Raimbault 0-0: Foul Ball, location: 2F
0-1: Swinging Strike
0-2: Foul Ball, location: 2F
0-2: Foul Ball, location: 2F
0-2: Strikes out looking
Batting: LHB Ramón Garmendia 0-0: Ground out 4-3 (Groundball, 4, EV 101.9 MPH)
Top of the 5th over - 0 runs, 0 hits, 0 errors, 0 left on base; New Orleans 1 - Las Vegas 0
BOTTOM OF THE 5TH
Las Vegas Flamingos batting - Pitching for New Orleans Voodoo : RHP Grover Lowdermilk
Batting: LHB Victor Adams 0-0: Swinging Strike
0-1: Ball
1-1: DOUBLE (Flyball, 8RXD, EV 98.8 MPH)
Batting: RHB Freedon Akinmoladun 0-0: Called Strike
0-1: Ball
1-1: Ball
2-1: Ball
3-1: Foul Ball, location: 2F
3-2: Base on Balls
Batting: LHB Ty Tomblin 0-0: Called Strike
0-1: Fielders Choice at 2nd, 4-6 (Groundball, 34, EV 86.9 MPH)
Victor Adams to third
Batting: RHB Sun-jae Kwak 0-0: Ball
1-0: Swinging Strike
1-1: Foul Ball, location: 2F
1-2: Ball
2-2: Foul Ball, location: 2F
2-2: Ball
3-2: Grounds into double play, 4-6-3 (Groundball, 4MS, EV 88.1 MPH)
Bottom of the 5th over - 0 runs, 1 hit, 0 errors, 1 left on base; New Orleans 1 - Las Vegas 0
TOP OF THE 6TH
New Orleans Voodoo batting - Pitching for Las Vegas Flamingos : RHP Toddster Gordo
Pitching: RHP Ieyoshi Asai
Batting: RHB Juan Jose Ayala 0-0: Called Strike
0-1: Ball
1-1: Ball
2-1: Ball
3-1: Base on Balls
Batting: LHB Calvin Wilms 0-0: Sac Bunt to 23 - play at first, batter OUT! 3-4
Juan Jose Ayala to second
Batting: RHB Griffin Woodfinlevine 0-0: Called Strike
0-1: Ball
1-1: Ground out 4-3 (Groundball, 34, EV 90.0 MPH)
Juan Jose Ayala to third
Batting: RHB Gilberto Juárez 0-0: Swinging Strike
0-1: Foul Ball, location: 2F
0-2: Ball
1-2: SINGLE (Groundball, 56D, EV 99.4 MPH)
Juan Jose Ayala scores
Batting: RHB Colm Goodwill 0-0: Ball
1-0: Swinging Strike
1-1: Ball
Gilberto Juárez steals 2nd base
2-1: Foul Ball, location: 2F
2-2: Strikes out looking
Top of the 6th over - 1 run, 1 hit, 0 errors, 1 left on base; New Orleans 2 - Las Vegas 0
BOTTOM OF THE 6TH
Las Vegas Flamingos batting - Pitching for New Orleans Voodoo : RHP Grover Lowdermilk
Batting: SHB Glyn Bolasky 0-0: Called Strike
0-1: Ball
1-1: Ball
2-1: Ground out 4-3 (Groundball, 4, EV 82.5 MPH)
Batting: RHB Sake van Arem 0-0: Ball
1-0: Swinging Strike
1-1: Foul Ball, location: 2F
1-2: Fly out, F9 (Flyball, 9, EV 95.0 MPH)
Batting: LHB Ruud van Ineveld 0-0: Foul Ball, location: 2F
0-1: Ball
1-1: Ground out U3 (Groundball, 3, EV 93.8 MPH)
Bottom of the 6th over - 0 runs, 0 hits, 0 errors, 0 left on base; New Orleans 2 - Las Vegas 0
TOP OF THE 7TH
New Orleans Voodoo batting - Pitching for Las Vegas Flamingos : RHP Ieyoshi Asai
Batting: RHB Guy Toussaint 0-0: Called Strike
0-1: Ball
1-1: Foul Ball, location: 2F
1-2: Strikes out swinging
Batting: RHB Noah Bushby 0-0: Foul Ball, location: 2F
0-1: DOUBLE (Line Drive, 3D, EV 101.2 MPH)
Batting: LHB Alexis Raimbault 0-0: Foul Ball, location: 2F
0-1: Ball
1-1: Swinging Strike
1-2: Ball
2-2: Strikes out swinging
Batting: LHB Ramón Garmendia 0-0: Ball
1-0: Ball
2-0: Ground out 4-3 (Groundball, 4, EV 85.6 MPH)
Top of the 7th over - 0 runs, 1 hit, 0 errors, 1 left on base; New Orleans 2 - Las Vegas 0
BOTTOM OF THE 7TH
Las Vegas Flamingos batting - Pitching for New Orleans Voodoo : RHP Grover Lowdermilk
Pitching: RHP Ted Chong
Batting: RHB Baldomero Avino 0-0: Ball
1-0: Ground out 5-3 (Groundball, 5L, EV 86.9 MPH)
Batting: RHB Xavier Hernández 0-0: Swinging Strike
0-1: Foul Ball, location: 2F
0-2: Strikes out swinging
Batting: LHB Victor Adams 0-0: Fly out, F6 (Popup, 56, EV 73.8 MPH)
Bottom of the 7th over - 0 runs, 0 hits, 0 errors, 0 left on base; New Orleans 2 - Las Vegas 0
TOP OF THE 8TH
New Orleans Voodoo batting - Pitching for Las Vegas Flamingos : RHP Ieyoshi Asai
Batting: RHB Juan Jose Ayala 0-0: SINGLE (Groundball, 4MD, EV 97.5 MPH)
Pitching: LHP Isaaka Ienimea
Batting: LHB Calvin Wilms 0-0: Sac Bunt to 3S - play at first, batter OUT! 3-1
Juan Jose Ayala to second
Batting: RHB Griffin Woodfinlevine 0-0: Foul Ball, location: 2F
0-1: Fly out, F7 (Line Drive, 7, EV 95.6 MPH)
Batting: RHB Gilberto Juárez 0-0: Foul Ball, location: 2F
0-1: Ground out 6-3 (Groundball, 6, EV 97.5 MPH)
Top of the 8th over - 0 runs, 1 hit, 0 errors, 1 left on base; New Orleans 2 - Las Vegas 0
BOTTOM OF THE 8TH
Las Vegas Flamingos batting - Pitching for New Orleans Voodoo : RHP Ted Chong
Batting: RHB Freedon Akinmoladun 0-0: Swinging Strike
0-1: Ball
1-1: Called Strike
1-2: Foul Ball, location: 2F
1-2: Ball
2-2: Strikes out swinging
Batting: LHB Ty Tomblin 0-0: Foul Ball, location: 2F
0-1: Ball
1-1: Ball
2-1: Swinging Strike
2-2: Foul Ball, location: 2F
2-2: SINGLE (Line Drive, 6D, EV 96.9 MPH)
Batting: RHB Sun-jae Kwak 0-0: Ball
1-0: Called Strike
1-1: Foul Ball, location: 2F
1-2: Strikes out swinging
Batting: SHB Glyn Bolasky 0-0: Called Strike
0-1: Foul Ball, location: 2F
0-2: Ball
1-2: Ball
2-2: Ground out 4-3 (Groundball, 4, EV 114.4 MPH)
Bottom of the 8th over - 0 runs, 1 hit, 0 errors, 1 left on base; New Orleans 2 - Las Vegas 0
TOP OF THE 9TH
New Orleans Voodoo batting - Pitching for Las Vegas Flamingos : LHP Isaaka Ienimea
Batting: RHB Colm Goodwill 0-0: Ground out 5-3 (Groundball, 56, EV 96.2 MPH)
Batting: RHB Guy Toussaint 0-0: Ground out 6-3 (Groundball, 6S, EV 69.4 MPH)
Batting: RHB Noah Bushby 0-0: Foul Ball, location: 2F
0-1: Swinging Strike
0-2: Ball
1-2: Ball
2-2: Strikes out swinging
Top of the 9th over - 0 runs, 0 hits, 0 errors, 0 left on base; New Orleans 2 - Las Vegas 0
BOTTOM OF THE 9TH
Las Vegas Flamingos batting - Pitching for New Orleans Voodoo : RHP Ted Chong
Now in CF: Eikki Kankaanperä
Batting: RHB Sake van Arem 0-0: Ball
1-0: Ball
2-0: SINGLE (Groundball, 4MD, EV 100.0 MPH)
Pitching: RHP Jorge Villanueva
Batting: LHB Ruud van Ineveld 0-0: Ball
1-0: Called Strike
1-1: Swinging Strike
1-2: Foul Ball, location: 2F
1-2: Strikes out swinging
Batting: RHB Baldomero Avino 0-0: Called Strike
0-1: Ball
1-1: Ball
2-1: Ball
3-1: Fly out, F7 (Flyball, 78M, EV 88.1 MPH)
Batting: RHB Xavier Hernández 0-0: Ball
1-0: Called Strike
1-1: Ball
2-1: Called Strike
2-2: Ball
3-2: Strikes out swinging
Bottom of the 9th over - 0 runs, 1 hit, 0 errors, 1 left on base; New Orleans 2 - Las Vegas 0
Thursday, January 23rd, 2020 - OOTP Baseball 20.8 Build 74